 Dungeon Crawl Stone Soup version 0.20.0-15-g7f486f2 (webtiles) character file.

215 renl the Chopper (level 5, -2/48 HPs)
             Began as a Hill Orc Monk on July 1, 2017.
             Slain by an iguana (11 damage)
             ... on level 4 of the Dungeon.
             The game lasted 00:06:18 (2362 turns).

renl the Chopper (Hill Orc Monk)                    Turns: 2362, Time: 00:06:19

Health: -2/48      AC:  9    Str: 15    XL:     5   Next: 92%
Magic:  5/5        EV: 11    Int: 10    God:
Gold:   128        SH:  0    Dex: 13    Spells: 4/4 levels left

rFire    . . .     SeeInvis .   a - +0 hand axe
rCold    . . .     Gourm    .   (no shield)
rNeg     . . .     Faith    .   e - +3 ring mail
rPois    +         Spirit   .   j - +0 helmet
rElec    .         Reflect  .   (no cloak)
rCorr    .         Harm     .   (no gloves)
MR       .....                  (no boots)
Stlth    +.........             (no amulet)
Regen    0.2/turn               m - ring of poison resistance
MPRegen  0.1/turn               (no ring)

@: no status effects
A: no striking features
a: Convert to Beogh


You were on level 4 of the Dungeon.
You were very hungry.

You visited 1 branch of the dungeon, and saw 4 of its levels.

You collected 128 gold pieces.

Inventory:

Hand Weapons
 a - a +0 hand axe (weapon)
 f - a +0 whip of electrocution
Armour
 e - a +3 ring mail (worn)
 j - a +0 helmet (worn)
Jewellery
 m - a ring of poison resistance (left hand)
Scrolls
 k - a scroll of fog {unknown}
 n - a scroll of amnesia {unknown}
 p - a scroll of magic mapping
 q - a scroll of remove curse {unknown}
Potions
 b - a potion of resistance {unknown}
 d - a potion of invisibility {unknown}
 g - 3 potions of flight
 i - 4 potions of curing
 o - a potion of heal wounds {unknown}
Comestibles
 c - 3 bread rations
 h - 4 meat rations
 l - a fruit
 s - a royal jelly


   Skills:
 + Level 5.0 Fighting
 * Level 7.1 Axes
 + Level 1.5 Armour
 - Level 2.4 Dodging
 - Level 1.5 Stealth


You had 4 spell levels left.
You didn't know any spells.

Dungeon Overview and Level Annotations

Branches:
Dungeon (4/15)
 Temple: D:4-7

Altars:
Okawaru
Uskayaw


Message History

You are too injured to fight recklessly!
You are too injured to fight recklessly!
You are too injured to fight recklessly!
You hit the iguana but do no damage.
The iguana is lightly wounded.
The iguana bites you!
You hit the iguana.
The iguana is heavily wounded.
The iguana barely misses you.
You hit the iguana.
The iguana is severely wounded.
The iguana closely misses you.
You barely miss the iguana.
The iguana is severely wounded.
The iguana bites you!
* * * LOW HITPOINT WARNING * * *
You hit the iguana.
The iguana is almost dead.
The iguana bites you!
You die...

############
.......<..@#
##########)lo...#
#)#.....$
#....#.). #...##
._ ..#.h .##..o #
#...


You could see an iguana and an orc priest.

Vanquished Creatures
  An orc wizard (D:3)
  Jessica (D:2)
  Natasha (D:2)
  2 adders
  3 oozes
  An adder zombie (D:1)
  A worm (D:2)
  3 dart slugs
  2 leopard geckos
  12 orcs
  A ball python (D:1)
  4 hobgoblins
  9 jackals
  A quokka (D:3)
  9 bats
  6 frilled lizards
  A giant cockroach zombie (D:1)
  12 goblins
  7 kobolds
  5 rats
82 creatures vanquished.

Notes
Turn   | Place    | Note
-------+----------+-------------------------------------------
     0 | D:1      | renl the Hill Orc Monk began the quest for the Orb.
     0 | D:1      | Reached XP level 1. HP: 19/19 MP: 1/1
   109 | D:1      | Reached XP level 2. HP: 18/27 MP: 2/2
   482 | D:1      | Reached XP level 3. HP: 33/33 MP: 3/3
   851 | D:2      | Reached skill level 5 in Axes
   867 | D:2      | Noticed Natasha
   878 | D:2      | Killed Natasha
   878 | D:2      | Reached XP level 4. HP: 23/41 MP: 4/4
  1155 | D:2      | Noticed Jessica
  1163 | D:2      | Killed Jessica
  1163 | D:2      | Reached skill level 6 in Axes
  1268 | D:2      | Reached XP level 5. HP: 46/47 MP: 5/5
  1565 | D:3      | Reached skill level 1 in Armour
  1603 | D:3      | Found a faded altar of an unknown god.
  1832 | D:3      | Reached skill level 5 in Fighting
  1951 | D:3      | Reached skill level 7 in Axes
  2055 | D:3      | Found a hide-covered altar of Uskayaw.
  2332 | D:4      | Found an iron altar of Okawaru.
  2362 | D:4      | Slain by an iguana

Skill      XL: |  1  2  3  4  5 |
---------------+----------------+-----
Fighting       | 4 5 |  5.0
Axes           | 5 6 7 |  7.1
Armour         | 1 |  1.5
Dodging        | |  2.4
Stealth        | |  1.5

Action                   |  1- 3 |  4- 6 || total
-------------------------+-------+-------++-------
Melee: Hand axe          |   100 |   197 ||   297
  Use: Scroll            |     3 |     1 ||     4
 Stab: Sleeping          |       |     2 ||     2
  Eat: Chunk             |       |     4 ||     4
Armor: Robe              |     1 |       ||     1
       Ring mail         |    27 |    94 ||   121
Dodge: Dodged            |    60 |   119 ||   179
